 Dungeon Crawl Stone Soup version 0.31-a0-765-g67fe2935dc (webtiles) character file.

Game seed: 6391987028785047909

7 Maratek the Trooper (level 2, -2/19 (21) HPs)
             Began as an Octopode Fighter on Sept 15, 2023.
             Slain by a kobold
             ... wielding a +2 short sword of draining
              (5 damage)
             ... on level 1 of the Dungeon.
             The game lasted 00:00:12 (99 turns).

Maratek the Trooper (Octopode Fighter)                Turns: 99, Time: 00:00:12

HP:   -2/19 (21)    AC:  1    Str: 15    XL:     2   Next: 0%
MP:   2/2           EV: 13    Int: 10    God:
Gold: 0             SH:  4    Dex: 11    Spells: 1/1 levels left

rFire   . . .        a - +0 trident
rCold   . . .        b - +0 buckler
rNeg    . . .        (helmet restricted)
rPois   .            (no amulet)
rElec   .            (no ring)
rCorr   .            (no ring)
SInv    .            (no ring)
Will    .....        (no ring)
Stlth   ++           (no ring)
HPRegen 0.23/turn    (no ring)
MPRegen 0.08/turn    (no ring)
                     (no ring)

%: no passive effects
@: drained
A: almost no armour, amphibious, 8 rings, camouflage 1, gelatinous body 1,
(nimble swimmer 1), tentacles
a: no special abilities


You were on level 1 of the Dungeon.
You visited 1 branch of the dungeon, and saw 1 of its levels.

Inventory:

Hand Weapons
 a - a +0 trident (weapon)
Armour
 b - a +0 buckler (worn)
Scrolls
 d - a scroll of butterflies {unknown}
Potions
 c - a potion of might


   Skills:
 + Level 3.2 Fighting
 + Level 2.0 Polearms
 + Level 3.1 Dodging
 + Level 0.2 Stealth
 + Level 3.0 Shields


You had one spell level left.
You didn't know any spells.
Your spell library was empty.

Dungeon Overview and Level Annotations

Branches:
Dungeon (1/15)

Altars:


Innate Abilities, Weirdness & Mutations

You cannot wear most types of armour.
You are amphibious.
You can wear up to eight rings at the same time.
Your skin changes colour to match your surroundings (Stealth+).
Your rubbery body absorbs attacks. (AC +1, EV +1)
((You are camouflaged when in or above water. (Stealth+)))
You have tentacles for arms and can constrict up to eight enemies at once.


Message History

The bat hits you.
You reach to attack!
You hit the bat.
The bat is heavily wounded.
The bat hits you.
Found a scroll labelled MONIECAKHLA.
The hobgoblin shouts!
The bat hits you but does no damage.
You puncture the bat!
You kill the bat!
The ball python misses you. The ball python closely misses you.
You closely miss the ball python. You grab the ball python.
Your squeeze misses the ball python. You constrict the ball python.
The ball python bites you. The ball python barely misses you.
The hobgoblin hits you. You block the ball python's attack.
The ball python grabs you. The ball python constricts you.
The hobgoblin barely misses you.
You hit the ball python.
You kill the ball python!
The hobgoblin misses you. The kobold closely misses you.
You barely miss the hobgoblin. You grab the hobgoblin.
You squeeze the hobgoblin.
You kill the hobgoblin!
The kobold misses you.
You have reached level 2!
You hit the kobold but do no damage. Your grab misses the kobold.
The kobold hits you with a +2 short sword of draining.
You feel drained.
You are too injured to fight recklessly!
You are too injured to fight recklessly!
You are too injured to fight recklessly!
You are too injured to fight recklessly!
You barely miss the kobold. Your grab misses the kobold.
Your squeeze misses the kobold.
The kobold hits you with a +2 short sword of draining.
* * * LOW HITPOINT WARNING * * *
You feel drained.
* * * LOW HITPOINT WARNING * * *
You barely miss the kobold. Your grab misses the kobold.
The kobold hits you with a +2 short sword of draining.
You die...

. #....# #. ...... .
#.##.#.### ##.. #+#
...)...##.... #.#
#...#....# ##'## #.....#
# ###...### #.....####$#
'.'.<.'.+ +..#.......#.#
###...### #.>#..@(.....#
..##'## ##.#...K?....+
...#.# #.##........#
...#+#######.##........#
...# #.....#.##........#
...#+#.###.#.##........#
.......###.#.##........#
.......'...#.##?.......#
.......#####.#


You could see a kobold.

Vanquished Creatures
  A bat (D:1)
  An endoplasm (D:1)
  A hobgoblin (D:1)
  A kobold (D:1)
  A ball python (D:1)
  A frilled lizard (D:1)
6 creatures vanquished.

Notes
Turn   | Place    | Note
-------+----------+-------------------------------------------
     0 | D:1      | Maratek the Octopode Fighter began the quest for the Orb.
     0 | D:1      | Reached XP level 1. HP: 16/16 MP: 1/1
    97 | D:1      | Reached XP level 2. HP: 14/21 MP: 2/2
    99 | D:1      | Slain by a kobold

Illustrated notes

Levels and vault maps discovered:
D:1:      minmay_arrival_doors, layout_basic, serial_shops, shop

Action                     || total
---------------------------++-------
  Melee: Trident           ||    14
         Constrict         ||     2
         Tentacles         ||     1
   Stab: Sleeping          ||     2
 Armour: Skin              ||     9
  Dodge: Dodged            ||     9
  Block: Buckler           ||     1

Table legend: (Time is in decaauts)
 A = Elapsed time spent in this place.
 B = Non-inter-level travel time spent in this place.
 C = Inter-level travel time spent in this place.
 D = Time resting spent in this place.
 E = Time spent auto-exploring this place.
 F = Levels seen in this place.
 G = Mean time per level.
                   A        B        C        D        E       F      G
               +--------+--------+--------+--------+--------+-----+--------+
         Total |    101 |    101 |      0 |      0 |     67 |   1 |  101.0 |
       Dungeon |    101 |    101 |      0 |      0 |     67 |   1 |  101.0 |
               +--------+--------+--------+--------+--------+-----+--------+

Top non-repeatable levels by time:
     D:1: 101 daAuts
